 Dungeon Crawl Stone Soup version 0.31-a0-182-gc5ef74bbde (webtiles) character file.

Game seed: 1743791064248222405

118 Hubris850 the Ducker (level 5, -3/35 HPs)
             Began as a Merfolk Ice Elementalist on June 21, 2023.
             Was a Follower of the Shining One.
             Slain by an orc
             ... wielding a +0 flail
              (8 damage)
             ... on level 4 of the Dungeon.
             The game lasted 00:06:34 (2856 turns).

Hubris850 the Ducker (Merfolk Ice Elementalist)     Turns: 2856, Time: 00:06:36

Health: -3/35      AC:  4    Str: 10    XL:     5   Next: 2%
Magic:  8/8        EV: 14    Int: 21    God:    the Shining One [*.....]
Gold:   216        SH:  0    Dex: 14    Spells: 7/8 levels left

rFire   . . .        p - +2 dagger (venom)
rCold   . . .        (no shield)
rNeg    . . .        a - +0 robe
rPois   .            m - +0 helmet
rElec   .            (no cloak)
rCorr   .            (no gloves)
SInv    .            x - +0 pair of boots
Will    .....        (no amulet)
Stlth   +            o - +6 ring of intelligence
HPRegen 0.25/turn    (no ring)
MPRegen 0.11/turn

%: no passive effects
@: glowing
A: (nimble swimmer 2), mertail
a: Renounce Religion, Divine Shield


You were on level 4 of the Dungeon.
You worshipped the Shining One.
The Shining One was aware of your devotion.
You visited 1 branch of the dungeon, and saw 4 of its levels.

You collected 216 gold pieces.

Inventory:

Hand Weapons
 i - a +0 dagger
 k - a +0 spear
 p - a +2 dagger of venom (weapon)
 w - a +0 trident
 y - the +4 flail "Grim Tooth" {heavy, rElec rN+++ rCorr Int-4}
   (You found it on level 4 of the Dungeon)

   Int:       It affects your intelligence (-4).
   rElec:     It insulates you from electricity.
   rN:        It renders you almost immune to negative energy.
   rCorr:     It protects you from acid and corrosion.
Missiles
 j - 10 poisoned darts
 t - 4 boomerangs
Armour
 a - a +0 robe (worn)
 c - a +0 kite shield
 e - a +0 ring mail
 m - a +0 helmet (worn)
 x - a +0 pair of boots (worn)
Jewellery
 o - a +6 ring of intelligence (left hand)
Wands
 u - a wand of paralysis (10)
 z - a wand of flame (8)
Scrolls
 f - a scroll of teleportation {unknown}
 h - 7 scrolls of identify {unknown}
 l - 2 scrolls of vulnerability {unknown}
 q - a scroll of blinking {unknown}
 v - a scroll of torment {unknown}
Potions
 b - a potion of magic
 d - 2 potions of resistance {unknown}
 g - a potion of enlightenment {unknown}
 n - a potion of mutation {unknown}
 r - a potion of lignification {unknown}
 s - a potion of haste {unknown}


   Skills:
 + Level 2.6 Short Blades
 + Level 5.8 Dodging
 - Level 2.1 Stealth
 - Level 2.0 Spellcasting
 - Level 4.3 Ice Magic


You had 7 spell levels left.
You knew the following spells:

 Your Spells              Type           Power      Damage    Failure   Level
a - Freeze                Ice            80%        1d9       2%          1

Your spell library contained the following spells:

 Spells                   Type           Power      Damage    Failure   Level
 Frozen Ramparts          Ice            40%        1d7       8%          3
 Ozocubu's Armour         Ice            20%        N/A       8%          3
 Summon Ice Beast         Ice/Summ       11%        N/A       52%         4


Dungeon Overview and Level Annotations

Branches:
Dungeon (4/15)
 Temple: D:4-7

Altars:
Ru
The Shining One


Innate Abilities, Weirdness & Mutations

((You are very nimble when in or above water. (Stealth+, EV+, Speed+++)))
Your lower body shifts to a powerful aquatic tail in water.


Message History

The orc is heavily wounded.
The orc hits you with a +0 short sword.
You hit the orc.
You kill the orc!
The orc priest invokes the aid of Beogh against you.
Beogh smites you!
* * * LOW HITPOINT WARNING * * *
You hit the orc.
The orc is lightly wounded.
The orc hits you with a +0 short sword.
* * * LOW HITPOINT WARNING * * *
You hit the orc.
The orc is poisoned.
The orc is moderately wounded.
You hit the orc.
The orc looks as sick as possible!
The orc is severely wounded.
The orc completely misses you.
You barely miss the orc.
The orc is almost dead.
You kill the orc!
You barely miss the orc priest.
The orc priest miscasts a cantrip.
You hit the orc priest.
The orc priest is moderately wounded.
The orc priest hits you but does no damage.
You hit the orc priest.
The orc priest is poisoned.
The orc priest is moderately wounded.
The orc priest barely misses you.
You hit the orc priest.
The orc priest looks as sick as possible!
The orc priest is severely wounded.
You kill the orc priest!
The Shining One accepts your kill.
You have reached level 5!
You feel clever.
You hit the orc but do no damage.
The orc is poisoned.
The orc barely misses you.
You barely miss the orc.
The orc is heavily wounded.
The orc hits you with a +0 flail!
You die...

................#######..#
...).....####...# #..#
.#######.# #...# #..# .#
#.#. #...####.^#..#
.#######.#..#.........#..#
.#..........#..######.#..#
......##.##.#..# #..#
##.##.#.....#..######.#..#
...##.#.........@o....#..#
#####.#..##############..#
..........)..............#
#####.##>.##############.#
#.#...#..............#
#.#...#.##.....#######
#.#.....['............
#.#...#.##.....#######
#.#..##.##.....#


You could see an orc (very poisoned).

Vanquished Creatures
  An orc priest (D:4)
  3 adders
  A worm (D:2)
  4 dart slugs
  2 orcs (D:4)
  3 ball pythons
  An endoplasm (D:1)
  5 goblins
  4 hobgoblins
  3 jackals (D:3)
  4 quokkas
  7 bats
  3 frilled lizards
  2 kobolds
  3 rats
46 creatures vanquished.

Notes
Turn   | Place    | Note
-------+----------+-------------------------------------------
     0 | D:1      | Hubris850 the Merfolk Ice Elementalist began the quest for
                  | the Orb.
     0 | D:1      | Reached XP level 1. HP: 13/13 MP: 3/3
    21 | D:1      | Reached skill level 3 in Dodging
   178 | D:1      | Reached XP level 2. HP: 19/19 MP: 1/5
   320 | D:1      | Reached skill level 4 in Dodging
   595 | D:1      | Reached XP level 3. HP: 13/24 MP: 6/6
  1358 | D:2      | Found a faded altar of an unknown god.
  1376 | D:2      | Prayed at the altar of an unknown god.
  1376 | D:2      | Became a worshipper of the Shining One
  1376 | D:2      | Reached * piety under the Shining One
  1719 | D:2      | Reached skill level 5 in Dodging
  1898 | D:2      | Reached skill level 1 in Short Blades
  2082 | D:3      | Reached XP level 4. HP: 30/30 MP: 7/7
  2227 | D:3      | Found a sacrificial altar of Ru.
  2734 | D:4      | Identified the +4 flail "Grim Tooth" {heavy, rElec rN+++
                  | rCorr Int-4}
  2855 | D:4      | Reached XP level 5. HP: 4/35 MP: 8/8
  2856 | D:4      | Slain by an orc

Illustrated notes

Levels and vault maps discovered:
D:1:      dreamdust_arrival_sigmund_warning, layout_basic, nrook_mini_vaults,
          grunt_decor_cap, minivault_5, minmay_misc_feat_plants
D:2:      layout_loops_corners, chequers_ecumenical_altar_island
D:3:      layout_basic, lemuel_round_altar
D:4:      layout_basic, nicolae_sif_muna_little_library,
          chequers_serial_rivers_micro_a, roderic_nine_men_s_morris,
          minmay_shop_damaged, nicolae_figureground_pulse, uniq_blork_the_orc

Skill      XL: |  1  2  3  4 |
---------------+-------------+-----
Dodging        | 3 4 5 |  5.8
Short Blades   | 1 2 |  2.6
Stealth        | |  2.1
Spellcasting   | |  2.0
Ice Magic      | |  4.3

Action                     |  1- 3 |  4- 6 || total
---------------------------+-------+-------++-------
  Melee: Unarmed           |     8 |       ||     8
         Dagger            |    95 |    39 ||   134
         Punch             |     2 |       ||     2
   Cast: Freeze            |    14 |       ||    14
   Stab: Sleeping          |     7 |       ||     7
 Armour: Robe              |    18 |    10 ||    28
  Dodge: Dodged            |    75 |    14 ||    89

Table legend: (Time is in decaauts)
 A = Elapsed time spent in this place.
 B = Non-inter-level travel time spent in this place.
 C = Inter-level travel time spent in this place.
 D = Time resting spent in this place.
 E = Time spent auto-exploring this place.
 F = Levels seen in this place.
 G = Mean time per level.
                   A        B        C        D        E       F      G
               +--------+--------+--------+--------+--------+-----+--------+
         Total |   2838 |   2754 |     84 |    112 |   2159 |   4 |  709.5 |
       Dungeon |   2838 |   2754 |     84 |    112 |   2159 |   4 |  709.5 |
               +--------+--------+--------+--------+--------+-----+--------+

Top non-repeatable levels by time:
     D:1: 1228 daAuts
     D:3: 720 daAuts
     D:2: 716 daAuts
     D:4: 173 daAuts
